 Dungeon Crawl Stone Soup version 0.27-a0-1219-g958d993ae5 (webtiles) character file.

Game seed: 4843080794169676554

166208 bilbop the Warrior (level 17, -2/169 HPs)
             Began as a Minotaur Berserker on June 6, 2021.
             Was the Champion of Trog.
             Slain by a shock serpent (23 damage)
             ... on level 3 of the Snake Pit on June 7, 2021.
             The game lasted 04:03:04 (34670 turns).

bilbop the Warrior (Minotaur Berserker)            Turns: 34670, Time: 04:03:04

Health: -2/169     AC: 31    Str: 34    XL:     17   Next: 29%
Magic:  5/25       EV:  8    Int: 14    God:    Trog [******]
Gold:   2537       SH: 17    Dex: 14    Spells: 16/16 levels left

rFire    . . .     SeeInvis .   a - +2 demon whip of the Volcano {venom, rN+ Int+2}
rCold    . . .     Faith    .   G - +2 kite shield
rNeg     + . .     Spirit   .   D - +1 crystal plate armour
rPois    +         Reflect  .   (helmet restricted)
rElec    +         Harm     .   s - +2 cloak {Stlth+}
rCorr    +         Rampage  .   m - +4 pair of gloves of Squeaky Liberty {*Corrode rElec Str+9}
Will     +....                  n - +0 pair of boots "Ihitze" {rPois Str+2}
Stlth    ..........             J - amulet of regeneration
HPRegen  1.38/turn              P - +6 ring of intelligence
MPRegen  0.19/turn              Z - ring of resist corrosion

@: corroded, on berserk cooldown, slowed, studying 2 skills, very slow
A: horns 2, retaliatory headbutt
a: Renounce Religion, Berserk, Trog's Hand, Brothers in Arms


You were on level 3 of the Snake Pit.
You worshipped Trog.
Trog was exalted by your worship.
You visited 4 branches of the dungeon, and saw 26 of its levels.
You also visited: Trove, Sewer, Bailey and Gauntlet.

You collected 3640 gold pieces.
You spent 1103 gold pieces at shops.

Inventory:

Hand Weapons
 a - the +2 demon whip of the Volcano (weapon) {venom, rN+ Int+2}
   (You acquired it on level 14 of the Dungeon)

   It poisons the flesh of those it strikes.
   It affects your intelligence (+2).
   It protects you from negative energy.
 b - a +1 hunting sling of freezing
 A - a +4 demon whip of flaming
 I - a +6 antimagic eveningstar
Missiles
 f - 109 sling bullets
Armour
 i - a +1 pair of gloves of archery
 m - the +4 pair of gloves of Squeaky Liberty (worn) {*Corrode rElec Str+9}
   (You found it on level 7 of the Dungeon)

   It affects your strength (+9).
   It insulates you from electricity.
   It may corrode you when you take damage.
 n - the +0 pair of boots "Ihitze" (worn) {rPois Str+2}
   (You found it in a bailey)

   It affects your strength (+2).
   It protects you from poison.
 s - a +2 cloak of stealth (worn)
 D - a +1 crystal plate armour (worn)
 G - a +2 kite shield (worn)
 M - a +2 pair of boots of rampaging
 W - a +1 buckler of poison resistance
Jewellery
 k - an amulet of reflection
 v - an amulet of faith
 w - a +6 ring of intelligence
 J - an amulet of regeneration (around neck)
 N - an amulet of the acrobat
 P - a +6 ring of intelligence (left hand)
 V - a ring of willpower
 Z - a ring of resist corrosion (right hand)
Wands
 d - a wand of digging (5)
 o - a wand of flame (30)
 B - a wand of mindburst (27)
 C - a wand of iceblast (12)
 H - a wand of polymorph (18)
 O - a wand of paralysis (21)
 X - a wand of charming (4)
 Y - a wand of acid (24)
Scrolls
 e - 12 scrolls of fog
 h - a scroll of torment {unknown}
 q - 14 scrolls of teleportation
 t - 8 scrolls of enchant armour
 u - 3 scrolls of fear
 x - 7 scrolls of blinking
 y - 5 scrolls of magic mapping
 z - a scroll of brand weapon
 L - a scroll of enchant weapon
 Q - 2 scrolls of silence
 T - 4 scrolls of holy word
Potions
 c - 10 potions of heal wounds
 g - 14 potions of curing
 j - 7 potions of might
 l - a potion of cancellation {unknown}
 p - a potion of haste {unknown}
 r - 6 potions of flight
 F - 3 potions of ambrosia {unknown}
 R - 2 potions of berserk rage {unknown}
 S - 2 potions of attraction {unknown}


   Skills:
 * Level 19.6 Fighting
 + Level 16.6 Maces & Flails
 + Level 15.3 Slings
 + Level 14.3 Armour
 - Level 2.1 Dodging
 + Level 14.8 Shields
 + Level 12.2 Invocations


You had 16 spell levels left.
You didn't know any spells.
Your spell library was empty.

Dungeon Overview and Level Annotations

Branches:
Dungeon (15/15)            Temple (0/1) D:5            Lair (6/6) D:11
 Shoals (0/4) Lair:4        Snake (3/4) Lair:2        Slime (0/5) Lair:6
    Orc (2/2) D:9             Elf (0/3) Orc:2        Vaults (0/5) D:14
 Depths (0/5) D:15          Sewer (visited)          Bailey (visited)
Gauntlet (visited)

Altars:
Ashenzari
Elyvilon
Gozag
Hepliaklqana
Kikubaaqudgha
Makhleb
Nemelex Xobeh
Trog
Uskayaw
Wu Jian
Xom
Yredelemnul
Zin
Beogh
Jiyva

Shops:
D:6 !   Orc:2 *((*

Annotations:
D:10 2 transporters, pcat's ghost, journeyman DECj
Lair:2 exclusion: 4 oklob plants
Lair:6 1 runed translucent door
Snake:3 1 transporter, krigyl's ghost, adept TrAr


Innate Abilities, Weirdness & Mutations

You have a pair of horns on your head.
You reflexively headbutt those who attack you in melee.


Message History

* * * LOW HITPOINT WARNING * * *
The black mamba bites you!
* * * LOW HITPOINT WARNING * * *
You block krigyl's ghost's attack.
You hit krigyl's ghost.
You headbutt krigyl's ghost, but do no damage.
Krigyl's ghost is severely damaged.
The shock serpent barely misses you. You block the black mamba's attack. x2
You hit krigyl's ghost but do no damage.
Krigyl's ghost is severely damaged.
You are no longer berserk.
You are exhausted.
You feel yourself slow down. The black mamba bites you.
* * * LOW HITPOINT WARNING * * *
You block the shock serpent's attack. You block the black mamba's attack.
The shock serpent bites you!
* * * LOW HITPOINT WARNING * * *
The shock serpent shocks you. You resist.
* * * LOW HITPOINT WARNING * * *
You feel much better. You block the black mamba's attack.
The black mamba barely misses you. You block the shock serpent's attack.
The black mamba bites you but does no damage.
The shock serpent barely misses you. You furiously retaliate!
You headbutt the shock serpent!
The shock serpent's electric aura discharges, shocking you!
You resist.
The black mamba bites you but does no damage.
The shock serpent bites you but does no damage.
You block the black mamba's attack.
The mana viper bites you but does no damage.
You block the shock serpent's attack. The black mamba completely misses you.
Krigyl's ghost hits you.
* * * LOW HITPOINT WARNING * * *
Your corrosive artefact corrodes you!
You block the shock serpent's attack. The black mamba barely misses you.
You furiously retaliate!
You headbutt the black mamba! The mana viper bites you!
* * * LOW HITPOINT WARNING * * *
You feel your power leaking away. The shock serpent bites you!!
You die...

..........(......###...#####.###.
............(#####.##...# ##....
..##........##......#...# ##..#
#.#...##...##....#..##..# ##...
#....#####.#S..#...#.#..# ###....
#...####...##..##.#. #..###...#.#
...........©#.#...#?##....).###.#
.##...####.##.SSSS#!#...)...###.#
####.## #.# #@SS[#©).......... ##
#.## #.#.#yWS#.[#....###..##.
.###..####.##.#.S..(##..####.###.
..##........#...#.#..#..###.####.
#......####.#...#.#!.#)..##.###..
#......## #.#.......##...>......#
#....#..###.###...###...........#
#....#........#####.....####.##..
..#........!........##.## #..#..


You could see 2 shock serpents, a moth of wrath, a mana viper (berserk), 2
guardian serpents, 3 black mambas and krigyl's ghost.

Vanquished Creatures
  A stone giant (D:15)
  A minotaur (Gauntlet)
  Nessos (D:15)
  The ghost of iNFECTIOUSiTCH the Imperceptible, a journeyman OpBr of Dithmenos (Orc:1)
  A fire dragon (Lair:6)
  Harold (D:8)
  8 naga warriors
  6 boulder beetles
  4 vault guards (D:14)
  An ice dragon (Lair:6)
  17 hydras
  9 centaur warriors
  A catoblepas (Lair:3)
  12 anacondas
  11 two-headed ogres
  2 death knights
  A tengu warrior (D:13)
  12 death yaks
  2 orc high priests
  4 shock serpents
  A deep elf knight (D:12)
  3 naga sharpshooters
  2 salamander mystics (Snake:3)
  6 skeletal warriors
  An orange crystal statue (Gauntlet)
  A swamp dragon (Lair:6)
  A wizard (D:14)
  2 orc knights
  9 naga ritualists
  A lindwurm (Lair:6)
  4 deep elf pyromancers
  Pikel (D:9)
  10 mana vipers
  6 ugly things
  A manticore (D:12)
  An orb spider (shapeshifter) (D:13)
  A moth of wrath (Snake:3)
  10 orc sorcerers (Orc:2)
  9 cyclopes
  7 salamanders (Snake:3)
  15 elephants
  Joseph (D:7)
  34 black mambas
  5 torpor snails (Lair:6)
  4 naga magi
  A guardian serpent (Snake:2)
  11 cane toads
  3 unseen horrors
  A freezing wraith (D:13)
  4 kobold demonologists
  Psyche (D:10)
  5 rime drakes
  10 komodo dragons
  A tengu conjurer (D:13)
  3 meliai (D:14)
  A troll (shapeshifter) (D:15)
  5 tyrant leeches
  7 trolls
  Grinder (D:4)
  8 polar bears
  4 dream sheep (Lair:6)
  6 hornets (Lair:6)
  18 blink frogs
  A centaur simulacrum (D:15)
  5 slime creatures
  Sigmund (D:6)
  9 wyverns
  A vampire (D:13)
  A tarantella (shapeshifter) (D:14)
  3 wraiths
  42 yaks
  6 basilisks
  2 steam dragons (Lair:6)
  10 wargs
  10 vampire mosquitoes
  Menkaure (D:6)
  3 acid dragons
  18 nagas
  2 swamp worms (Gauntlet)
  27 water moccasins
  An ice beast (D:6)
  25 orc warriors
  A sky beast (D:5)
  A black bear (Lair:3)
  18 wolves
  6 ogres
  2 phantoms
  10 centaurs
  21 kobold brigands
  12 bullfrogs
  4 scorpions
  5 electric eels (Bailey)
  9 howler monkeys
  A lava snake (D:15)
  5 centaur zombies
  17 orc priests
  2 gnoll shamans
  A centaur skeleton (D:6)
  3 hounds (D:6)
  8 iguanas
  38 orc wizards
  A hell rat (Lair:3)
  3 killer bee zombies
  10 adders
  19 gnolls
  8 river rats
  13 white imps
  An ufetubus (D:5)
  5 dart slugs
  A worm (D:2)
  83 orcs
  6 endoplasms
  4 giant cockroaches
  19 goblins
  12 hobgoblins
  12 jackals
  17 kobolds
  7 quokkas
  19 ball pythons
  7 bats
  5 frilled lizards
  25 rats
931 creatures vanquished.

Vanquished Creatures (others)
  A manticore (D:12)
  A basilisk (Lair:6)
  An orc warrior (Orc:2)
  2 orc wizards (Orc:2)
  An orc (Orc:2)
  27 fungi
  57 plants
90 creatures vanquished.

Grand Total: 1021 creatures vanquished

Notes
Turn   | Place    | Note
-------+----------+-------------------------------------------
     0 | D:1      | bilbop the Minotaur Berserker began the quest for the Orb.
     0 | D:1      | Reached XP level 1. HP: 19/19 MP: 0/0
   188 | D:1      | Reached XP level 2. HP: 17/27 MP: 1/1
   742 | D:1      | Reached ** piety under Trog
   747 | D:1      | Reached XP level 3. HP: 22/33 MP: 2/2
   915 | D:1      | Reached skill level 1 in Slings
   915 | D:1      | Reached skill level 1 in Invocations
  1094 | D:2      | Reached skill level 4 in Fighting
  1406 | D:2      | Noticed a scorpion
  1415 | D:2      | Killed a scorpion
  1416 | D:2      | Reached XP level 4. HP: 11/40 MP: 2/4
  1831 | D:2      | Reached skill level 5 in Maces & Flails
  2093 | D:2      | Reached XP level 5. HP: 39/46 MP: 5/5
  2532 | D:3      | Found a faded altar of an unknown god.
  3427 | D:4      | Identified the +7 mace of Peril {vorpal, Contam rC- Str+8
                  | Int+4}
  3562 | D:4      | Found a glowing drain.
  3601 | Sewer    | Entered a sewer
  3787 | Sewer    | Reached *** piety under Trog
  3821 | Sewer    | Reached skill level 1 in Shields
  3941 | Sewer    | Reached XP level 6. HP: 50/53 MP: 6/6
  4347 | Sewer    | Reached **** piety under Trog
  4706 | D:4      | Found a shimmering altar of Xom.
  4712 | D:4      | Found a hazy altar of Hepliaklqana.
  4715 | D:4      | Noticed a spectral ugly thing
  4715 | D:4      | Noticed a yak
  4737 | D:4      | Noticed Grinder
  4772 | D:4      | Killed Grinder
  4773 | D:4      | Reached skill level 5 in Fighting
  4773 | D:4      | Reached XP level 7. HP: 51/61 MP: 6/8
  5526 | D:5      | Entered Level 5 of the Dungeon
  5638 | D:5      | Found a broken altar of Ashenzari.
  5689 | D:5      | Found a staircase to the Ecumenical Temple.
  5867 | D:5      | Reached XP level 8. HP: 36/69 MP: 9/9
  6049 | D:5      | Found a glowing silver altar of Zin.
  6242 | D:5      | Reached skill level 5 in Armour
  6295 | D:5      | Reached skill level 6 in Fighting
  6753 | D:5      | Found a white marble altar of Elyvilon.
  6794 | D:6      | Reached XP level 9. HP: 53/78 MP: 11/11
  7047 | D:6      | Found Luxaikke's Distillery.
  7076 | D:6      | Noticed Menkaure
  7092 | D:6      | Killed Menkaure
  7456 | D:6      | Reached skill level 5 in Shields
  7475 | D:6      | Noticed Sigmund
  7492 | D:6      | Killed Sigmund
  7493 | D:6      | Reached skill level 5 in Slings
  7699 | D:6      | Reached ***** piety under Trog
  8123 | D:6      | Reached skill level 7 in Fighting
  8392 | D:7      | Noticed Joseph
  8857 | D:7      | Found an ancient bone altar of Kikubaaqudgha.
  8939 | D:7      | Identified the +4 pair of gloves of Squeaky Liberty
                  | {*Corrode rElec Str+9}
  8961 | D:7      | Reached skill level 5 in Invocations
  9387 | D:7      | Noticed a deep elf pyromancer
  9395 | D:7      | Killed a deep elf pyromancer
  9396 | D:7      | Reached skill level 10 in Maces & Flails
  9419 | D:7      | Reached XP level 10. HP: 41/86 MP: 12/12
  9705 | D:7      | Killed Joseph
 10086 | D:7      | Noticed a two-headed ogre
 10095 | D:7      | Killed a two-headed ogre
 10326 | D:7      | Reached skill level 8 in Fighting
 10703 | D:7      | Noticed a boulder beetle
 10725 | D:7      | Killed a boulder beetle
 10987 | D:7      | Identified the +5 rapier "Embalmer" {pain, rPois rC+ MP-9
                  | Str+2}
 11065 | D:7      | Found an opulent altar of Gozag.
 11211 | D:8      | Upgraded the game from 0.27-a0-1217-g8a41f320e8 to
                  | 0.27-a0-1219-g958d993ae5
 11416 | D:8      | Found a sparkling altar of Nemelex Xobeh.
 11491 | D:8      | Found a burning altar of Makhleb.
 11606 | D:8      | Noticed Harold
 11631 | D:8      | Killed Harold
 11945 | D:8      | Found a hide-covered altar of Uskayaw.
 11959 | D:8      | Reached XP level 11. HP: 95/95 MP: 14/14
 12329 | D:9      | Noticed Pikel
 12338 | D:9      | Killed Pikel
 12339 | D:9      | Found a flagged portal.
 12378 | Bailey   | Entered a bailey
 12669 | Bailey   | Found an iron altar of Okawaru.
 12669 | Bailey   | Noticed an orc high priest
 12679 | Bailey   | Noticed a sixfirhy
 12686 | Bailey   | Killed an orc high priest
 12838 | Bailey   | Noticed an orc knight
 12865 | Bailey   | Killed an orc knight
 12923 | Bailey   | Identified the +0 pair of boots "Ihitze" {rPois Str+2}
 12968 | Bailey   | Identified the +9 falchion of Change {flame, rN+ Int+4}
 13081 | Bailey   | Reached skill level 9 in Fighting
 13337 | D:9      | Acquired a manual of Fighting
 13403 | D:9      | Found an ornate altar of the Wu Jian Council.
 13412 | D:9      | Noticed a two-headed ogre
 13424 | D:9      | Killed a two-headed ogre
 13509 | D:9      | Found a staircase to the Orcish Mines.
 13618 | D:9      | Found a basalt altar of Yredelemnul.
 13796 | D:10     | Entered Level 10 of the Dungeon
 13849 | D:10     | Found a transporter.
 13856 | D:10     | Found a transporter.
 13856 | D:10     | Noticed pcat's ghost (journeyman DECj)
 13864 | D:10     | Noticed Psyche
 13879 | D:10     | Killed Psyche
 14023 | D:10     | Noticed a death knight
 14053 | D:10     | Noticed a two-headed ogre
 14069 | D:10     | Killed a two-headed ogre
 14216 | D:10     | Found a portal to a secret trove of treasure.
 14266 | D:10     | Found a bloodstained altar of Trog.
 14403 | D:10     | Reached skill level 10 in Fighting
 14419 | D:10     | Reached ****** piety under Trog
 14419 | D:10     | Received a gift from Trog
 14734 | D:11     | Noticed a two-headed ogre
 14744 | D:11     | Killed a two-headed ogre
 14897 | D:11     | Found a staircase to the Lair.
 14904 | D:11     | Reached XP level 12. HP: 94/106 MP: 16/16
 14940 | D:11     | Noticed a two-headed ogre
 14948 | D:11     | Killed a two-headed ogre
 15007 | D:11     | Noticed a two-headed ogre
 15020 | D:11     | Killed a two-headed ogre
 15536 | Lair:1   | Entered Level 1 of the Lair of Beasts
 15578 | Lair:1   | Reached skill level 11 in Fighting
 15580 | Lair:1   | Noticed a six-headed hydra
 15600 | Lair:1   | Killed a six-headed hydra
 16007 | Lair:1   | Reached skill level 12 in Fighting
 16025 | Lair:1   | Reached skill level 10 in Armour
 16065 | Lair:1   | Noticed a six-headed hydra
 16077 | Lair:1   | Killed a six-headed hydra
 16415 | Lair:1   | Acquired a +2 cloak of stealth
 16441 | Lair:1   | Noticed a six-headed hydra
 16451 | Lair:1   | Killed a six-headed hydra
 16492 | Lair:2   | Noticed a seven-headed hydra
 16507 | Lair:2   | Killed a seven-headed hydra
 16624 | Lair:2   | Noticed an eight-headed hydra
 16647 | Lair:2   | Killed an eight-headed hydra
 16648 | Lair:2   | Reached skill level 13 in Fighting
 16872 | Lair:2   | Reached XP level 13. HP: 110/122 MP: 18/18
 17072 | Lair:2   | Reached skill level 10 in Shields
 17149 | Lair:2   | Found a staircase to the Snake Pit.
 17214 | Lair:2   | Received a gift from Trog
 17232 | Lair:2   | Found a frozen archway.
 18105 | Lair:3   | Reached skill level 14 in Fighting
 18334 | Lair:3   | You fall into a shaft and drop 3 floors!
 18334 | Lair:6   | Entered Level 6 of the Lair of Beasts
 18403 | Lair:5   | Reached skill level 15 in Fighting
 18405 | Lair:5   | Found a gate leading to a gauntlet.
 18412 | Lair:5   | Reached skill level 10 in Slings
 18499 | Gauntlet | Entered a Gauntlet
 18499 | Gauntlet | Found a transporter.
 18499 | Gauntlet | Found a transporter.
 18499 | Gauntlet | Found a transporter.
 18522 | Gauntlet | Found a transporter.
 18524 | Gauntlet | Found a transporter.
 18546 | Gauntlet | Found a transporter.
 18610 | Gauntlet | Found a transporter.
 18659 | Gauntlet | Found a transporter.
 18664 | Gauntlet | Found a transporter.
 18740 | Gauntlet | Found a transporter.
 18756 | Gauntlet | Found a transporter.
 18765 | Gauntlet | Found a transporter.
 19109 | Gauntlet | Noticed a minotaur
 19122 | Gauntlet | Killed a minotaur
 19544 | Lair:5   | Reached XP level 14. HP: 136/136 MP: 20/20
 20037 | Lair:4   | Reached skill level 16 in Fighting
 20092 | Lair:4   | Found a staircase to the Shoals.
 20287 | Lair:4   | Acquired a manual of Slings
 21837 | Lair:6   | Received a gift from Trog
 22126 | Lair:6   | Reached skill level 10 in Invocations
 22207 | Lair:6   | Found a runed translucent door.
 22700 | Lair:5   | Reached skill level 17 in Fighting
 22715 | Lair:5   | Reached skill level 15 in Maces & Flails
 22910 | Lair:6   | Found a runed translucent door.
 22910 | Lair:6   | Found a viscous altar of Jiyva.
 22910 | Lair:6   | Noticed an acid blob
 22911 | Lair:6   | Found a staircase to the Slime Pits.
 22943 | Lair:6   | Identified the +5 flail "Fuhidiv" {vorpal, rElec} (Trog
                  | gifted it to you on level 6 of the Lair of Beasts)
 22943 | Lair:6   | Received a gift from Trog
 23226 | Lair:6   | Reached XP level 15. HP: 145/147 MP: 21/21
 23790 | D:12     | HP: 7/147 [something/shard of ice (9)]
 23792 | D:12     | HP: 1/147 [barbs]
 25670 | D:14     | Found an ancient bone altar of Kikubaaqudgha.
 25935 | D:14     | Received a gift from Trog
 25992 | D:14     | Reached skill level 18 in Fighting
 26187 | D:14     | Found a gate to the Vaults.
 26906 | D:15     | Entered Level 15 of the Dungeon
 26910 | D:15     | Reached XP level 16. HP: 157/157 MP: 23/23
 26950 | D:14     | Acquired the +2 demon whip of the Volcano {venom, rN+
                  | Int+2}
 26991 | D:15     | Found a hide-covered altar of Uskayaw.
 27252 | D:15     | Found a staircase to the Depths.
 27265 | D:15     | Noticed Nessos
 27284 | D:15     | Killed Nessos
 27364 | D:15     | Identified the +8 rapier of Disorder {vorpal, Contam rPois
                  | rF++ SInv}
 28010 | Orc:1    | Entered Level 1 of the Orcish Mines
 28088 | Orc:1    | Received a gift from Trog
 28338 | Orc:1    | Found a large runed translucent door.
 28342 | Orc:1    | Found a large runed translucent door.
 28344 | Orc:1    | Noticed iNFECTIOUSiTCH's ghost (journeyman OpBr)
 28487 | Orc:1    | Killed iNFECTIOUSiTCH's ghost
 28852 | Orc:2    | Entered Level 2 of the Orcish Mines
 29160 | Orc:2    | Found Vuiv's Weapon Emporium.
 29177 | Orc:2    | Found Leithok's Assorted Antiques.
 29179 | Orc:2    | Received a gift from Trog
 29288 | Orc:2    | Paralysed by an orc sorcerer for 6 turns
 29727 | Orc:2    | Found a staircase to the Elven Halls.
 30069 | Orc:2    | Found Muisusi's Assorted Antiques.
 30069 | Orc:2    | Found Asyeloq's Weapon Boutique.
 30167 | Orc:2    | Bought a polished dire flail for 252 gold pieces
 30167 | Orc:2    | Identified the +3 dire flail "Qelo" {vamp, Fragile rC+
                  | Str+5 Int+4} (You bought it in a shop on level 2 of the
                  | Orcish Mines)
 30167 | Orc:2    | Bought a scroll of identify for 56 gold pieces
 30208 | Orc:2    | Bought a scroll of identify for 70 gold pieces
 30208 | Orc:2    | Bought a scroll of identify for 70 gold pieces
 30208 | Orc:2    | Bought a scroll of identify for 70 gold pieces
 30773 | Orc:2    | Bought a +5 demon trident of venom for 585 gold pieces
 30894 | D:10     | You paid a toll of a +7 demon trident to enter a treasure
                  | trove
 30895 | Trove    | Entered a treasure trove
 31209 | Snake:1  | Entered Level 1 of the Snake Pit
 31587 | Snake:1  | Received a gift from Trog
 31844 | Snake:1  | Reached skill level 19 in Fighting
 33279 | Snake:3  | Noticed krigyl's ghost (adept TrAr)
 33295 | Snake:3  | Found a transporter.
 33316 | Snake:3  | Received a gift from Trog
 33337 | Snake:3  | Reached XP level 17. HP: 168/168 MP: 24/24
 33494 | Snake:3  | Reached skill level 15 in Slings
 34041 | Snake:3  | Found a transporter.
 34669 | Snake:3  | HP: 8/169 [shock serpent (4)]
 34670 | Snake:3  | Slain by a shock serpent

Illustrated notes

Levels and vault maps discovered:
D:1:      dpeg_arrival_boxes_within_box, layout_basic
D:2:      layout_basic
D:3:      layout_basic, shapermc_ecumenical_altar_mp_highgroup
D:4:      layout_loops_ring, regret_index_temple_of_mockery,
          portal_sewer_entry_c, uniq_grinder
D:5:      layout_basic, kennysheep_little_box, zin_statuary,
          cheibrodos_ashenzari_chains, minmay_temple_entry_large_hall
D:6:      layout_cave_pools, serial_shops, shop, sigmund_army, uniq_menkaure
D:7:      minmay_the_grid_four_pointed_star [minmay_the_grid_triangle_9x9_sprig,
          minmay_the_grid_triangle_9x9_zippers_vertical,
          minmay_the_grid_triangle_9x9_warning,
          minmay_the_grid_triangle_9x9_descending_squares,
          minmay_the_grid_prize_shrinking_boxes], layout_basic,
          lemuel_round_altar, lemuel_tele_altar, hangedman_decor_peaks_small,
          uniq_joseph
D:8:      layout_loops_ring, lemuel_round_altar, overflow_temple_1_default,
          nemelex_spade_bored_becter, dk_noncrumbling_2, uniq_harold
D:9:      layout_rooms, old_standard_altar, lemuel_doored_altar, enter_bailey_2,
          uniq_pikel
D:10:     layout_roguey [special_room_kobold], old_standard_altar,
          gammafunk_ghost_mausoleum, enter_trove_6, uniq_psyche
D:11:     minmay_weird_star, layout_gridville, erik_lair_orcish_takeover
D:12:     cheibrodos_elevator_heist, layout_rooms
D:13:     layout_gridville, kennysheep_generic_room_14
D:14:     layout_roguey, lightli_vaults_fourway_checkpoint, serial_park_square1
          [serial_park_minivault_5x5_3], kiku_gazebo_pond_becter
D:15:     grunt_enter_depths_giant_problem, layout_layer_cave,
          grunt_decor_one_mirror, nicolae_uskayaw_suspiria, uniq_nessos
Lair:1:   layout_chaotic_city, beast_lair_carwin_11
Lair:2:   layout_layer_cave, dummy_snake_entry, portal_ice_cave_entry_imps,
          disabler_island, grunt_megastairs_4
Lair:3:   layout_chaotic_city, nzn_random_ring
Lair:4:   layout_cave_pods, elwin_shoals_entry_rocks
Lair:5:   layout_loops_ring, gauntlet_entry_generic, cheibrodos_lair_lostbears
Lair:6:   wormcave, layout_long_grid, guppyfry_lair_end_dragon, slime_altar_2
Snake:1:  kennysheep_six_static_rooms, layout_misc_corridors,
          serial_bayou_shore_b
Snake:2:  layout_cave_pods
Snake:3:  layout_layer_cave, special_room, gammafunk_ghost_berserking_beasts
Orc:1:    layout_caves, ebering_ghost_disaster_area, mines_bat_river
Orc:2:    st_orc_town, layout_caves, basic_altar, rock_pile

Skill      XL: |  1  2  3  4  5  6  7  8  9 10 11 12 13 14 15 16 17 |
---------------+----------------------------------------------------+-----
Maces & Flails | 4 5 6 7 8 10 11 12 13 14 15 16 | 16.6
Slings         | 1 2 3 4 5 6 8 9 10 11 13 14 15 | 15.3
Invocations    | 1 2 3 4 5 6 7 8 9 10 11 12 | 12.2
Fighting       | 4 5 6 7 8 10 13 15 17 18 19 | 19.6
Armour         | 3 4 5 6 8 9 10 11 12 13 14 | 14.3
Shields        | 1 2 3 4 5 7 8 9 10 11 12 14 | 14.8
Dodging        | |  2.1

Action                   |  1- 3 |  4- 6 |  7- 9 | 10-12 | 13-15 | 16-18 || total
-------------------------+-------+-------+-------+-------+-------+-------++-------
Melee: Mace              |    25 |       |       |       |       |       ||    25
       Whip              |    45 |   246 |   317 |   614 |  1228 |       ||  2450
       Headbutt          |     7 |    36 |    62 |   147 |   449 |   182 ||   883
       Demon whip        |       |       |       |       |       |   605 ||   605
 Fire: Hunting sling     |     1 |    14 |    71 |   205 |   344 |   420 ||  1055
Invok: Berserk           |       |     4 |     3 |     7 |    10 |     6 ||    30
  Use: Scroll            |       |     1 |     4 |     5 |     7 |    14 ||    31
       Potion            |       |       |       |     1 |       |     1 ||     2
Armor: Animal skin       |     5 |     1 |       |       |       |       ||     6
       Chain mail        |       |   137 |   106 |   195 |   419 |    39 ||   896
       Leather armour    |       |     3 |       |       |       |       ||     3
       Crystal plate arm |       |       |       |       |       |   221 ||   221
Dodge: Dodged            |    57 |   100 |    76 |   119 |   222 |    99 ||   673
Block: Buckler           |       |    41 |    23 |       |       |       ||    64
       Kite shield       |       |       |    72 |   320 |   711 |   387 ||  1490

Table legend: (Time is in decaauts)
 A = Elapsed time spent in this place.
 B = Non-inter-level travel time spent in this place.
 C = Inter-level travel time spent in this place.
 D = Time resting spent in this place.
 E = Time spent auto-exploring this place.
 F = Levels seen in this place.
 G = Mean time per level.
                   A        B        C        D        E       F      G
               +--------+--------+--------+--------+--------+-----+--------+
         Total |  33507 |  30554 |   2953 |   5596 |  17108 |  30 | 1116.9 |
       Dungeon |  17991 |  16650 |   1341 |   4172 |   9582 |  15 | 1199.4 |
          Lair |   7307 |   6659 |    648 |    591 |   4474 |   6 | 1217.8 |
     Snake Pit |   3174 |   2890 |    284 |    141 |   1904 |   3 | 1058.0 |
  Orcish Mines |   2290 |   1611 |    679 |     42 |    827 |   2 | 1145.0 |
         Trove |    150 |    150 |      0 |      0 |      0 |   1 |  150.0 |
         Sewer |   1041 |   1041 |      0 |    453 |    320 |   1 | 1041.0 |
        Bailey |    932 |    932 |      0 |    196 |      0 |   1 |  932.0 |
      Gauntlet |    617 |    617 |      0 |      0 |      0 |   1 |  617.0 |
               +--------+--------+--------+--------+--------+-----+--------+

Top non-repeatable levels by time:
     D:7: 2635 daAuts
     D:6: 1619 daAuts
  Lair:6: 1577 daAuts
   Orc:2: 1445 daAuts
  Lair:2: 1416 daAuts
     D:5: 1408 daAuts
 Snake:3: 1397 daAuts
     D:1: 1277 daAuts
    D:14: 1259 daAuts
     D:2: 1217 daAuts
    D:11: 1202 daAuts
  Lair:4: 1184 daAuts
  Lair:3: 1153 daAuts
    D:10: 1122 daAuts
     D:4: 1102 daAuts
